 Dungeon Crawl Stone Soup version 0.32-a0-329-ge6c31236d6 (webtiles) character file.

Game seed: 15655696181244869460

507 lunkers the Basher (level 6, 0/51 HPs)
             Began as a Mountain Dwarf Cinder Acolyte on Feb 16, 2024.
             Was an Initiate of Vehumet.
             Slain by a gnoll bouda
             ... wielding a +0 club
              (4 damage)
             ... on level 7 of the Dungeon.
             The game lasted 00:06:10 (4699 turns).

lunkers the Basher (Mountain Dwarf Cinder Acolyte)  Turns: 4699, Time: 00:06:11

Health: 0/51       AC: 14    Str: 17    XL:     6   Next: 97%
Magic:  5/7        EV: 15    Int: 16    God:    Vehumet [......]
Gold:   293        SH:  0    Dex:  5    Spells: 5/7 levels left

rFire   . . .        b - +1 flail (protect)
rCold   . . .        (no shield)
rNeg    . . .        y - +0 ring mail
rPois   .            (no helmet)
rElec   .            (no cloak)
rCorr   .            o - +1 pair of gloves
SInv    .            (no boots)
Will    .....        (no amulet) Stlth
                     v - +5 ring of evasion
HPRegen 0.28/turn    (no ring)
MPRegen 0.10/turn

%: no passive effects
@: weakened, under a protective aura, fire susceptible
A: runic magic, artefact enchanting
a: Renounce Religion


You were on level 7 of the Dungeon.
You worshipped Vehumet.
Vehumet was noncommittal.
You visited 2 branches of the dungeon, and saw 7 of its levels.

You collected 293 gold pieces.

Inventory:

Hand Weapons
 a - a +2 whip of draining
 b - a +1 flail of protection (weapon)
 c - a -1 mace of flaming
Armour
 i - a +0 robe
 o - a +1 pair of gloves (worn)
 y - a +0 ring mail (worn)
Jewellery
 v - a +5 ring of evasion (left hand)
Scrolls
 e - 2 scrolls of enchant weapon
 g - 3 scrolls of identify
 h - a scroll of poison
 q - a scroll of immolation
Potions
 d - 2 potions of attraction
 f - a potion of berserk rage {unknown}
 j - a potion of brilliance {unknown}
 k - 3 potions of curing
 l - 2 potions of resistance
 t - a potion of magic {unknown}
 w - 2 potions of enlightenment {unknown}


   Skills:
 - Level 3.2 Fighting
 + Level 8.9 Maces & Flails
 - Level 1.0 Spellcasting
 - Level 5.0 Fire Magic


You had 5 spell levels left.
You knew the following spells:

 Your Spells              Type           Power      Damage    Failure   Level
b - Scorch                Fire           32%        2d6       4%          2

Your spell library contained the following spells:

 Spells                   Type           Power      Damage    Failure   Level
 Freeze                   Ice            0%         1d3       26%         1
 Static Discharge         Conj/Air       0%         3-3/arc   36%         2
 Frozen Ramparts          Ice            0%         1d1       61%         3
 Gell's Gravitas          Tloc           0%         N/A       61%         3
 Hailstorm                Conj/Ice       0%         3d5       61%         3
 Summon Ice Beast         Ice/Summ       0%         N/A       61%         3
 Teleport Other           Tloc           0%         N/A       61%         3
 Airstrike                Air            0%         2d(0-16)  95%         4
 Summon Lightning Spire   Summ/Air       0%         N/A       95%         4
 Dispersal                Tloc           0%         N/A       100%        6
 Sculpt Simulacrum        Ice/Alch       0%         N/A       100%        6


Dungeon Overview and Level Annotations

Branches:
Dungeon (5/15)             Temple (1/1) D:4

Altars:
Cheibriados
Dithmenos
Elyvilon
Fedhas
Gozag
Hepliaklqana
Kikubaaqudgha
Makhleb
Okawaru
Qazlal
Ru
Sif Muna
Trog
Uskayaw
Vehumet
Wu Jian
Xom
Yredelemnul
Zin
The Shining One

Shops:
D:2 ?   D:4 (   D:5 !!([


Innate Abilities, Weirdness & Mutations

Your spellcasting is much less encumbered by armour.
You can use scrolls of enchantment on lesser artefacts.


Message History

The gnoll bouda closely misses you.
You barely miss the gnoll bouda.
The gnoll bouda is severely wounded.
The gnoll bouda hits you with a +0 club.
* * * LOW HITPOINT WARNING * * *
You completely miss the gnoll bouda.
The gnoll bouda is severely wounded.
The gnoll bouda gazes fiercely through you!
You feel as though you will be weak longer.
The gnoll bouda closely misses you.
You barely miss the gnoll bouda.
The gnoll bouda is severely wounded.
The gnoll bouda gazes fiercely through you!
You feel as though you will be weak longer.
The gnoll bouda hits you with a +0 club!
* * * LOW HITPOINT WARNING * * *
You hit the gnoll bouda but do no damage.
Your weapon exudes an aura of protection.
The gnoll bouda is severely wounded.
The gnoll is no longer moving quickly.
The gnoll bouda hits you but does no damage.
You hit the gnoll bouda.
The gnoll bouda is almost dead.
The gnoll bouda barks out a call to the hunt!
You barely miss the gnoll bouda.
The gnoll bouda is almost dead.
The gnoll bouda prays to its god.
The gnoll bouda is healed somewhat.
You hit the gnoll bouda.
The gnoll bouda is almost dead.
The gnoll bouda gazes fiercely through you!
You feel as though you will be weak longer.
The gnoll bouda misses you.
Casting: Scorch (safe; 4% risk of failure)
Press: ? - help, Q - select action Dir - look around, f - activate Flames lash the howler monkey.
The howler monkey is moderately wounded.
The howler monkey's fire resistance burns away.
The gnoll bouda hits you with a +0 club.
You die...

##################
..................
.##.##@##########
#g# #g⌠.hg#
#...g### #...#
#.... .... ⌠.> ...


You could see a gnoll bouda, a howler monkey (combustible) and 2 gnolls.

Vanquished Creatures
  A centaur (D:7)
  A howler monkey (D:5)
  A bombardier beetle (D:3)
  2 hounds
  An iguana (D:5)
  9 gnolls
  5 adders
  5 orcs
  10 ball pythons
  7 endoplasms
  3 giant cockroaches
  8 goblins
  8 hobgoblins
  A jackal (D:2)
  6 kobolds
  2 quokkas
  4 bats (D:1)
  3 frilled lizards
  8 rats
85 creatures vanquished.

Notes
Turn   | Place    | Note
-------+----------+-------------------------------------------
     0 | D:1      | lunkers the Mountain Dwarf Cinder Acolyte began the quest
                  | for the Orb.
     0 | D:1      | Reached XP level 1. HP: 19/19 MP: 2/2
    15 | D:1      | Reached skill level 4 in Maces & Flails
    42 | D:1      | Reached XP level 2. HP: 11/23 MP: 3/3
   112 | D:1      | Learned a level 2 spell: Scorch
   237 | D:1      | Reached skill level 5 in Maces & Flails
   307 | D:1      | Reached XP level 3. HP: 26/31 MP: 4/4
  1005 | D:2      | Found Wiaklyra's Magic Scroll Boutique.
  1174 | D:2      | Reached XP level 4. HP: 34/38 MP: 5/5
  1216 | D:2      | Reached skill level 6 in Maces & Flails
  1280 | D:2      | You fall into a shaft and drop 1 floor!
  2002 | D:2      | Reached XP level 5. HP: 12/45 MP: 0/6
  2522 | D:3      | Reached skill level 7 in Maces & Flails
  2522 | D:3      | Reached skill level 5 in Fire Magic
  2963 | D:4      | Reached XP level 6. HP: 50/51 MP: 4/7
  3098 | D:4      | Found Befer's Antique Weapon Boutique.
  3270 | D:4      | Found a staircase to the Ecumenical Temple.
  3657 | D:4      | Found an opulent altar of Gozag.
  3939 | Temple   | Entered the Ecumenical Temple
  4002 | D:5      | Entered Level 5 of the Dungeon
  4024 | D:5      | Identified the blade talisman of Shielding {rC+ Str-4
                  | Stlth+}
  4066 | D:5      | Found Plog's Distillery.
  4109 | D:5      | Reached skill level 8 in Maces & Flails
  4120 | D:5      | Found a radiant altar of Vehumet.
  4126 | D:5      | Fell from the grace of Ignis
  4126 | D:5      | Became a worshipper of Vehumet
  4201 | D:5      | Found Uru Buz's Armour Shoppe.
  4215 | D:5      | Noticed a wraith
  4361 | D:5      | Found Fimn's Distillery.
  4482 | D:5      | Found Vuviaw's Weapon Emporium.
  4631 | D:5      | You fall into a shaft and drop 2 floors!
  4699 | D:7      | Slain by a gnoll bouda

Illustrated notes

Levels and vault maps discovered:
D:1:      dpeg_arrival_arbitrary_c, layout_loops_ring, minmay_quantized
D:2:      layout_loops_corners, serial_shops, shop_coins, minmay_tromino_v4_a
D:3:      cheibrodos_old_hovel, layout_loops_ring, kennysheep_small_spiral,
          minmay_stone_trees_small, fountainhead, minmay_misc_feat_columns,
          nicolae_half_adder
D:4:      layout_loops_corners, nicolae_gozag_seed_capital,
          minmay_temple_entry_hall, serial_aquarium,
          aquarium_bridge_long_separate [aquarium_subvault_bridge,
          aquarium_subvault_wall, aquarium_subvault_wall,
          aquarium_subvault_bridge, aquarium_subvault_bridge,
          aquarium_subvault_bridge], aquarium_window_fake, aquarium_window_fake,
          aquarium_view_2f, aquarium_view_2c, aquarium_pool_side, serial_shops,
          shop
D:5:      layout_loops_cross, lemuel_tele_altar, serial_shops, shop,
          nicolae_shop_hallway_plus, nicolae_shop_real_fake_doors, shop
D:7:      layout_basic, nemelex_dance_club_becter, small_statue_alley_b,
          grunt_ministairs_13, kennysheep_doodads
Temple:   mainiacjoe_temple_coin_purse

Skill      XL: |  1  2  3  4  5  6 |
---------------+-------------------+-----
Maces & Flails | 4 5 6 7 8 |  8.9
Fire Magic     | 4 5 |  5.0
Fighting       | |  3.2
Spellcasting   | |  1.0

Action                     |  1- 3 |  4- 6 || total
---------------------------+-------+-------++-------
  Melee: Mace              |    16 |       ||    16
         Whip              |   102 |   123 ||   225
         Flail             |       |    46 ||    46
   Cast: Scorch            |       |    15 ||    15
    Use: Scroll            |       |    15 ||    15
         Potion            |       |     1 ||     1
 Armour: Robe              |    63 |    41 ||   104
         Ring mail         |       |    50 ||    50
  Dodge: Dodged            |    62 |   132 ||   194

Table legend: (Time is in decaauts)
 A = Elapsed time spent in this place.
 B = Non-inter-level travel time spent in this place.
 C = Inter-level travel time spent in this place.
 D = Time resting spent in this place.
 E = Time spent auto-exploring this place.
 F = Levels seen in this place.
 G = Mean time per level.
                   A        B        C        D        E       F      G
               +--------+--------+--------+--------+--------+-----+--------+
         Total |   4658 |   4430 |    228 |    159 |   3579 |   7 |  665.4 |
       Dungeon |   4618 |   4392 |    226 |    159 |   3540 |   6 |  769.7 |
        Temple |     40 |     39 |      1 |      0 |     39 |   1 |   40.0 |
               +--------+--------+--------+--------+--------+-----+--------+

Top non-repeatable levels by time:
     D:2: 1096 daAuts
     D:4: 1028 daAuts
     D:3: 919 daAuts
     D:1: 892 daAuts
     D:5: 616 daAuts
     D:7: 64 daAuts
  Temple: 40 daAuts
